Map: 에버 드림 - 래더

Players

LiquidClem (Clem) - Winner!

  • Race: Terran Terran
  • League: Grandmaster
  • Spawn Location: 1:00

Denver

  • Race: Zerg Zerg
  • League: Grandmaster
  • Spawn Location: 7:00

Event: StayAtHomestory Cup #1

VOD

Have the link to the VOD?

Description

Time

  • Played on: April 10, 2020, 10:47 a.m.
  • Length: 7:46

All games in this series

Show
View Real Time Build Order
Export as new Build Order

LiquidClem Terran - Winner!

Build Orders: Reaper Expand, Hellion Banshee 

Get SALT Encoding   

  12  0:00  SCV  
  13  0:12  SCV  
  14  0:17  Supply Depot  
  14  0:24  SCV  
  15  0:38  SCV  
  15  0:40  Barracks  
  16  0:43  Refinery  
  16  0:50  SCV  
  17  1:02  SCV  
  18  1:15  SCV  
  19  1:26  Reaper  
  19  1:27  Orbital Command  
  20  1:39  Command Center  
  20  1:46  Supply Depot  
  20  1:52  SCV  
  21  1:58  Marine  
  22  2:04  SCV  
  23  2:09  Factory  
  23  2:14  Refinery  
  23  2:16  SCV  
  23  2:21  Barracks Reactor  
  24  2:28  SCV  
  25  2:40  SCV  
  26  2:50  Orbital Command  
  26  2:53  SCV  
  26  2:54  Starport  
  27  3:01  Hellion x2  
  27  3:05  SCV, Barracks Tech Lab  
  32  3:11  Supply Depot  
  32  3:15  SCV  
  32  3:17  SCV  
  34  3:22  Hellion x2  
  38  3:27  SCV  
  38  3:29  SCV  
  40  3:35  Supply Depot  
  40  3:38  Cloaking Field, Banshee  
  40  3:40  SCV  
  44  3:41  SCV  
  44  3:42  Barracks Tech Lab  
  44  3:46  Hellion  
  47  3:49  Hellion  
  47  3:52  SCV  
  47  3:54  SCV  
  51  4:08  Command Center  
  51  4:09  SCV  
  52  4:10  SCV  
  52  4:15  Supply Depot  
  53  4:20  Banshee  
  53  4:21  Factory Reactor  
  53  4:22  SCV  
  53  4:23  SCV  
  58  4:26  Stimpack  
  58  4:34  SCV  
  58  4:35  SCV, Barracks  
  58  4:38  Barracks  
  60  4:39  Marine  
  60  4:46  Bunker  
  60  4:51  Engineering Bay  
  60  4:52  SCV, Engineering Bay  
  61  4:57  Marine  
  62  5:02  SCV  
  63  5:09  Supply Depot  
  63  5:11  Starport Reactor  
  63  5:12  Siege Tank  
  63  5:14  SCV  
  66  5:15  Marine  
  66  5:18  SCV  
  65  5:24  Orbital Command  
  65  5:26  SCV  
  65  5:27  Marine x2  
  66  5:29  Terran Infantry Weapons Level 1  
  66  5:30  SCV  
  66  5:35  Marine x2  
  59  5:38  SCV  
  59  5:42  SCV  
  52  5:43  Marine, Terran Infantry Armor Level 1  
  52  5:48  Marine  
  52  5:49  SCV  
  54  5:50  SCV  
  54  5:52  Marine x2  
  54  5:54  SCV  
  57  6:00  Refinery  
  57  6:02  SCV x2  
  57  6:03  Marine x2  
  61  6:06  SCV, Refinery  
  61  6:10  Marine  
  63  6:12  Medivac x2  
  63  6:14  Marine x2  
  63  6:16  SCV  
  63  6:17  SCV  
  71  6:22  SCV  
  71  6:24  Supply Depot  
  72  6:26  Marine x2  
  72  6:28  Marine, SCV  
  72  6:30  SCV  
  72  6:32  Marine  
  78  6:35  Marine  
  79  6:42  SCV  
  79  6:44  Marine  
  79  6:45  Marine, Siege Tank  
  85  6:52  Supply Depot  
  85  6:53  SCV  
  85  6:54  Armory, Orbital Command  
  86  6:56  Marine, SCV  
  86  7:00  Marine x2  
  86  7:01  Barracks  
  90  7:02  Barracks  
  90  7:06  Marine x2  
  90  7:07  SCV  
  93  7:13  SCV  
  93  7:14  Marine  
  94  7:19  Marine x2  
  94  7:22  SCV x2  
  97  7:23  Supply Depot  
  97  7:29  Supply Depot  
  97  7:30  SCV  
  100  7:44  Supply Depot  
Show
View Real Time Build Order
Export as new Build Order

Denver Zerg 

Build Orders: Hatch First 

Get SALT Encoding   

  12  0:00  Drone  
  13  0:13  Overlord  
  13  0:17  Drone  
  14  0:31  Drone x2  
  16  0:47  Hatchery  
  15  0:51  Drone  
  15  0:54  Drone  
  17  0:58  Drone  
  18  1:09  Extractor  
  17  1:14  Spawning Pool  
  17  1:16  Drone  
  17  1:20  Drone  
  18  1:28  Drone  
  19  1:40  Drone  
  20  1:51  Drone  
  21  2:02  Queen  
  21  2:03  Zergling x2, Hatchery  
  21  2:06  Zergling x2  
  24  2:16  Queen  
  24  2:21  Metabolic Boost  
  26  2:29  Drone  
  27  2:30  Overlord  
  26  2:37  Drone  
  26  2:43  Queen  
  28  2:51  Drone x3  
  31  2:56  Overlord  
  31  3:00  Drone  
  31  3:03  Drone  
  33  3:07  Overlord  
  33  3:13  Drone x2  
  33  3:15  Drone  
  33  3:19  Drone  
  39  3:28  Drone  
  39  3:30  Drone  
  39  3:35  Roach Warren  
  39  3:37  Zergling x6, Extractor  
  39  3:40  Drone  
  41  3:42  Drone  
  41  3:45  Drone  
  43  3:49  Drone x2  
  43  3:53  Overlord  
  45  4:00  Overlord  
  45  4:10  Overlord  
  45  4:16  Roach x6  
  57  4:19  Roach  
  57  4:23  Roach  
  61  4:24  Roach  
  61  4:28  Zergling x4  
  65  4:31  Spore Crawler  
  64  4:39  Zergling x10  
  69  4:49  Zergling x10  
  74  4:55  Zergling x6  
  74  4:56  Zergling x2  
  75  5:01  Zergling x6  
  77  5:11  Overlord  
  71  5:19  Drone x7  
  68  5:30  Zergling x10  
  68  5:34  Lair  
  65  5:40  Zergling x6  
  63  5:44  Drone x2  
  60  5:52  Drone  
  60  5:55  Drone  
  60  5:56  Extractor, Drone x2  
  60  5:58  Spore Crawler  
  60  6:00  Spore Crawler  
  60  6:03  Drone x6  
  63  6:08  Drone x4  
  66  6:13  Drone x2  
  68  6:20  Drone x2, Evolution Chamber x2  
  67  6:29  Drone  
  67  6:30  Spore Crawler, Drone x2  
  67  6:31  Overseer, Overlord  
  67  6:44  Drone x5  
  67  6:46  Drone x3  
  72  6:49  Spire, Extractor  
  72  6:50  Extractor  
  69  6:59  Drone x4  
  73  7:02  Drone x3  
  73  7:07  Drone x3  
  79  7:09  Extractor  
  79  7:10  Zergling x2  
  79  7:11  Zergling x4  
  79  7:13  Overlord  
  81  7:19  Zergling x4  
  82  7:23  Overlord  
  82  7:26  Overlord  
  82  7:33  Hatchery  
Tags
 
Add a new tag
Caveats
  • Supply blocks, unpowered buildings, or Contaminate may cause inaccurate times.
  • Supply counts are checked every 10 seconds.